 Dungeon Crawl Stone Soup version 0.24-a0-284-g9fb9971df1 (webtiles) character file.

Game seed: 2457917420653772399

120 Redear the Insei (level 5, 0/33 HPs)
             Began as an Octopode Transmuter on May 4, 2019.
             Slain by a white imp (4 damage)
             ... summoned by Natasha
             ... on level 2 of the Dungeon.
             The game lasted 00:03:29 (2508 turns).

Redear the Insei (Octopode Transmuter)              Turns: 2508, Time: 00:03:30

Health: 0/33       AC:  1    Str: 10    XL:     5   Next: 4%
Magic:  9/9        EV: 14    Int: 15    God:
Gold:   117        SH:  0    Dex: 13    Spells: 8/9 levels left

rFire    . . .     SeeInvis .   n - +2 dagger (drain)
rCold    . . .     Gourm    .   (no shield)
rNeg     . . .     Faith    .   (helmet restricted)
rPois    .         Spirit   .   (no amulet)
rElec    .         Reflect  .   (no ring)
rCorr    .         Harm     .   (no ring)
MR       .....                  (no ring)
Stlth    ++........             (no ring)
HPRegen  0.11/turn              (no ring)
MPRegen  0.11/turn              (no ring)
                                (no ring)
                                (no ring)

@: no status effects
A: almost no armour, stealthy swim, amphibious, 8 rings, constrict 8, camouflage
1, gelatinous body 1
a: no special abilities


You were on level 2 of the Dungeon.
You were very hungry.

You visited 1 branch of the dungeon, and saw 2 of its levels.

You collected 117 gold pieces.

Inventory:

Hand Weapons
 h - a +2 whip of venom
 n - a +2 dagger of draining (weapon)
Missiles
 a - 12 arrows
Wands
 D - a wand of digging (5)
Scrolls
 b - 3 scrolls of enchant armour {unknown}
 e - 2 scrolls of remove curse {unknown}
 g - 2 scrolls of teleportation {unknown}
 i - a scroll of random uselessness {unknown}
 l - a scroll of noise {unknown}
 m - a scroll of enchant weapon {unknown}
 o - a scroll of immolation {unknown}
 r - a scroll of identify {unknown}
Potions
 c - 2 potions of brilliance {unknown}
 d - a potion of curing {unknown}
 f - a potion of heal wounds {unknown}
 j - a potion of lignification {unknown}
 k - a potion of flight {unknown}
 q - a potion of agility {unknown}
 s - 3 potions of invisibility {unknown}
Comestibles
 z - 5 rations


   Skills:
 - Level 1.0 Fighting
 + Level 3.0 Dodging
 + Level 3.8 Unarmed Combat
 + Level 2.8 Spellcasting
 + Level 2.9 Transmutations


You had 8 spell levels left.
You knew the following spells:

 Your Spells              Type           Power        Failure   Level  Hunger
z - Beastly Appendage     Tmut           ##....       6%          1    #......

Your spell library contained the following spells:

 Spells                   Type           Power        Failure   Level  Hunger
 Sticks to Snakes         Tmut           ##......     9%          2    ##.....
 Spider Form              Tmut/Pois      #.........   32%         3    ###....
 Ice Form                 Ice/Tmut       #.......     73%         4    #####..
 Blade Hands              Tmut           ##........   86%         5    ######.


Dungeon Overview and Level Annotations

Branches:
Dungeon (2/15)

Altars:
Fedhas
Qazlal

Annotations:
D:2 Natasha


Innate Abilities, Weirdness & Mutations

You cannot wear most types of armour.
You are very stealthy in the water. (Stealth+)
You are amphibious.
You can wear up to eight rings at the same time.
You can use your tentacles to constrict eight enemies at once.
Your skin changes colour to match your surroundings (Stealth+).
Your rubbery body absorbs attacks. (AC +1, EV +1)


Message History

Something claws the plant!
s - 3 white potions (gained 1)
Something claws the plant but does no damage.
Natasha claws the bush but does no damage.
Natasha mumbles some strange words.
Natasha is nearby!
Natasha mumbles some strange words.
Something completely misses the plant.
The white imp gestures at you. The puff of frost hits you!
* * * LOW HITPOINT WARNING * * *
You take 10 damage, and have 7/33 hp.
MASSIVE DAMAGE!!
A white imp is nearby!
Unknown command.
Evoke which item? (* to show all) (? for menu, Esc to quit)
Okay, then.
Something claws the plant.
The white imp hits you.
* * * LOW HITPOINT WARNING * * *
The white imp freezes you.
You die...

#.###### #)#........
#......# #.#........
#......# ###.......##.
#......#
#####........####
#...)..###...#.......##
..........##............#
####......#.............#
#......#.............#
#......#.@..........##
#......##5.........##
#.....PhP#...##...##
####..PPPP.### ####
#..P_PP.# #..P.P..#
#..P§...# #.§...§.#
##.^.≈.##


You could see a white imp.

Vanquished Creatures
  Natasha (twice) (D:2)
  Robin (D:2)
  A dart slug (D:2)
  2 leopard geckos (D:1)
  2 giant cockroaches (D:1)
  15 goblins
  7 hobgoblins
  5 jackals
  3 kobolds
  A quokka (D:2)
  A ball python (D:1)
  4 bats (D:1)
  3 frilled lizards
  4 rats
51 creatures vanquished.

Notes
Turn   | Place    | Note
-------+----------+-------------------------------------------
     0 | D:1      | Redear the Octopode Transmuter began the quest for the Orb.
     0 | D:1      | Reached XP level 1. HP: 13/13 MP: 3/3
    90 | D:1      | HP: 1/13 [leopard gecko (5)]
   387 | D:1      | Reached XP level 2. HP: 18/18 MP: 5/5
   990 | D:1      | Reached XP level 3. HP: 19/23 MP: 4/6
  1484 | D:2      | Noticed Natasha
  1515 | D:2      | Noticed Robin
  1530 | D:1      | HP: 1/23 [hobgoblin/+0 club[Robin] (6)]
  1868 | D:2      | Killed Robin
  1877 | D:2      | Reached XP level 4. HP: 28/28 MP: 7/7
  1994 | D:2      | Killed Natasha
  2089 | D:2      | Noticed Natasha
  2098 | D:2      | Killed Natasha
  2098 | D:2      | Reached XP level 5. HP: 3/33 MP: 7/9
  2415 | D:2      | Reached skill level 3 in Dodging
  2444 | D:2      | Found a blossoming altar of Fedhas.
  2449 | D:2      | Noticed Natasha
  2455 | D:2      | Found a stormy altar of Qazlal.
  2508 | D:2      | Slain by a white imp

Levels and vault maps discovered:
D:1:      eino_arrival_tree_alley, layout_loops_ring, hangedman_decor_points
D:2:      layout_rooms, grunt_temple_overflow_forces_of_nature, uniq_robin,
          uniq_natasha

Skill      XL: |  1  2  3  4  5 |
---------------+----------------+-----
Dodging        | 3 |  3.0
Fighting       | |  1.0
Unarmed Combat | |  3.8
Spellcasting   | |  2.8
Transmutations | |  2.9

Action                   |  1- 3 |  4- 6 || total
-------------------------+-------+-------++-------
Melee: Unarmed           |    11 |       ||    11
       Constrict         |    22 |     7 ||    29
       Tentacles         |    13 |     4 ||    17
       Kick              |     5 |     3 ||     8
       Whip              |    35 |       ||    35
       Dagger            |    26 |    45 ||    71
       Punch             |     1 |     1 ||     2
 Cast: Beastly Appendage |     5 |     3 ||     8
 Stab: Sleeping          |     3 |     1 ||     4
       Distracted        |     1 |       ||     1
  Eat: Chunk             |     2 |     2 ||     4
Armor: Skin              |    11 |     1 ||    12
Dodge: Dodged            |    38 |     8 ||    46

Table legend:
 A = Non-vault XP
 B = Vault XP
 C = Vault XP percentage of total XP
 D = Non-vault monster count
 E = Vault monster count
 F = Vault count percentage of total count
                 A         B        C        D         E       F
            +---------+---------+-------+---------+---------+-------
      Total |     101 |      71 |  41.3 |      38 |      13 |  25.5
            +---------+---------+-------+---------+---------+-------
        D:1 |      41 |       2 |   4.7 |      23 |       1 |   4.2
        D:2 |      60 |      69 |  53.5 |      15 |      12 |  44.4
            +---------+---------+-------+---------+---------+-------
